 Dungeon Crawl Stone Soup version 0.28-a0-895-g6e5f11bd55 (webtiles) character file.

Game seed: 15002862495430783170

109 mcbry74 the Insei (level 4, -4/32 HPs)
             Began as a Merfolk Transmuter on Nov 22, 2021.
             Was a Believer of Elyvilon.
             Slain by an ogre (21 damage)
             ... on level 2 of the Dungeon.
             The game lasted 00:10:13 (3178 turns).

mcbry74 the Insei (Merfolk Transmuter)              Turns: 3178, Time: 00:10:14

Health: -4/32      AC:  4    Str: 11    XL:     4   Next: 90%
Magic:  7/7        EV: 12    Int: 12    God:    Elyvilon [**....]
Gold:   101        SH:  0    Dex: 14    Spells: 6/7 levels left

rFire   . . .      SeeInvis .     - Unarmed
rCold   . . .      Faith    .   (no shield)
rNeg    . . .      Spirit   .   a - +0 robe
rPois   .          Reflect  .   e - +0 helmet
rElec   .          Harm     .   (no cloak)
rCorr   .          Rampage  .   (no gloves)
Will    .....                   h - +0 pair of boots
Stlth   +.........              (no amulet)
HPRegen 0.10/turn               (no ring)
MPRegen 0.10/turn               (no ring)

@: no status effects
A: (nimble swimmer 2), mertail
a: Renounce Religion, Purification, Heal Other


You were on level 2 of the Dungeon.
You worshipped Elyvilon.
Elyvilon was pleased with you.
You visited 1 branch of the dungeon, and saw 3 of its levels.

You collected 101 gold pieces.

Inventory:

Missiles
 k - 4 silver javelins
 l - 7 poisoned darts (quivered)
 m - 5 boomerangs
Armour
 a - a +0 robe (worn)
 e - a +0 helmet (worn)
 h - a +0 pair of boots (worn)
Jewellery
 c - a ring of flight
Scrolls
 b - a scroll of vulnerability {unknown}
 d - a scroll of enchant armour {unknown}
 g - 3 scrolls of identify {unknown}
 j - a scroll of fear {unknown}
Potions
 f - a potion of cancellation {unknown}
 i - 2 potions of invisibility {unknown}


   Skills:
 - Level 1.1 Fighting
 - Level 2.6 Dodging
 + Level 6.0 Unarmed Combat
 - Level 2.0 Spellcasting
 - Level 2.6 Transmutations


You had 6 spell levels left.
You knew the following spells:

 Your Spells              Type           Power      Damage    Failure   Level
a - Beastly Appendage     Tmut           14%        N/A       9%          1

Your spell library contained the following spells:

 Spells                   Type           Power      Damage    Failure   Level
 Wereblood                Tmut           7%         N/A       14%         2
 Animate Skeleton         Necr           2%         N/A       26%         1
 Pain                     Necr           4%         1d4       26%         1
 Spider Form              Tmut/Pois      4%         N/A       43%         3
 Vampiric Draining        Necr           1%         2d6       63%         3
 Ice Form                 Ice/Tmut       4%         N/A       83%         4
 Silence                  Hex/Air        0%         N/A       100%        5
 Summon Hydra             Summ           0%         N/A       100%        7
 Summon Horrible Things   Summ           0%         N/A       100%        8


Dungeon Overview and Level Annotations

Branches:
Dungeon (3/15)

Altars:
Dithmenos
Elyvilon

Annotations:
D:2 1 runed translucent door, Crazy Yiuf


Innate Abilities, Weirdness & Mutations

((You are quick and stealthy near water. (Stealth+, EV+, Speed+++)))
Your lower body shifts to a powerful aquatic tail in water.


Message History

You are frozen.
An endoplasm comes into view.
Things that are here:
a +0 club; a goblin corpse
Found a stone staircase leading up.
Found 5 gold pieces.
Throw: 8 darts (poison)
Press: ? - help, Q - select action, (/) - cycle Shift-Dir - straight line, f - ogre
Aim: an ogre, wielding a +0 giant club (73% to hit)
You throw a poisoned dart. The poisoned dart hits the ogre.
The ogre is poisoned.
The ogre hits you with a +0 giant club!
Ouch! That really hurt!
The ogre looks more healthy.
The endoplasm freezes you.
You are frozen.
* * * LOW HITPOINT WARNING * * *
There is a stone staircase leading up here.
The endoplasm freezes you.
You are frozen.
* * * LOW HITPOINT WARNING * * *
The endoplasm freezes you.
You are frozen.
* * * LOW HITPOINT WARNING * * *
There is an open door here.
There is an escape hatch in the ceiling here.
The goblin shouts!
The ogre hits you with a +0 giant club!!
Elyvilon protects you from harm! A mysterious force pulls you upwards.
The hatch slams shut behind you.
Level annotation: 1 runed translucent door, Crazy Yiuf You see here 11 stones.
There is an open door here.
The ogre barely misses you.
You see here 11 stones.
There is an open door here.
There is an open door here.
The ogre hits you with a +0 giant club!!
Ouch! That really hurt!
You die...

#.#.#.###############'##
#.#.#.##########........
#.#.#.#........'........
#####.#.#.#.########........
#.........#.##........###.##
#.###.#.###.##.##########...
#....<#...#.##.### #.......
#.....###.#.#....# #.######
#.....# #.#@####.# #.#.....
#.....###.#.O..#.# #.#.###.
#.........#....#'####.#.# #.
♣###############.........#.#.# #.
..#......................'.#.# #.
........#########........###.# ##
........# ####.....# #.#
..#.....###### #.....###'####
♣##...##.....#######.....##......


You could see an ogre.

Vanquished Creatures
  4 adders
  A worm (D:2)
  A dart slug (D:1)
  2 orcs (D:3)
  3 ball pythons
  4 bats
  5 endoplasms
  8 giant cockroaches
  9 goblins
  3 hobgoblins
  6 jackals
  4 kobolds
  3 quokkas (D:1)
  A frilled lizard (D:2)
  2 rats (D:3)
56 creatures vanquished.

Notes
Turn   | Place    | Note
-------+----------+-------------------------------------------
     0 | D:1      | mcbry74 the Merfolk Transmuter began the quest for the Orb.
     0 | D:1      | Reached XP level 1. HP: 15/15 MP: 3/3
   302 | D:1      | Reached XP level 2. HP: 21/21 MP: 5/5
   307 | D:1      | Reached skill level 4 in Unarmed Combat
   370 | D:1      | Got Qamethreyme's Reference Book on Supportive Hexes
   433 | D:1      | Found a faded altar of an unknown god.
   441 | D:1      | Prayed at the altar of an unknown god.
   441 | D:1      | Became a worshipper of Elyvilon the Healer
   441 | D:1      | Reached * piety under Elyvilon
   815 | D:1      | Reached XP level 3. HP: 23/26 MP: 6/6
  1243 | D:2      | Reached ** piety under Elyvilon
  1631 | D:2      | Reached skill level 5 in Unarmed Combat
  1761 | D:2      | Found a runed translucent door.
  1762 | D:2      | Noticed Crazy Yiuf
  1855 | D:2      | Reached XP level 4. HP: 27/32 MP: 7/7
  2377 | D:3      | Found a shadowy altar of Dithmenos.
  2702 | D:3      | Noticed an ogre
  3005 | D:3      | Reached skill level 6 in Unarmed Combat
  3073 | D:3      | Elyvilon protects you from harm!
  3178 | D:2      | Slain by an ogre

Illustrated notes

Levels and vault maps discovered:
D:1:      wander_arrival_chamber, layout_loops_cross, basic_ecumenical_altar,
          minivault_4, minivault_19
D:2:      layout_basic, uniq_crazy_yiuf_cottage
D:3:      layout_basic, mainiacjoe_overflow_24_doors, serial_glass,
          glass_columns_a, glass_columns_b, glass_columns_a, glass_columns_a,
          glass_columns_a, glass_columns_c, glass_columns_b, glass_columns_a,
          st_stairs_6, minmay_ogre_servants

Skill      XL: |  1  2  3  4 |
---------------+-------------+-----
Unarmed Combat | 4 5 6 |  6.0
Fighting       | |  1.1
Dodging        | |  2.6
Spellcasting   | |  2.0
Transmutations | |  2.6

Action                   |  1- 3 |  4- 6 || total
-------------------------+-------+-------++-------
Melee: Unarmed           |   121 |    92 ||   213
       Punch             |     3 |     5 ||     8
       Headbutt          |       |     3 ||     3
Throw: Dart              |       |     4 ||     4
 Cast: Beastly Appendage |       |     2 ||     2
 Stab: Sleeping          |     3 |     1 ||     4
Armor: Robe              |    29 |    14 ||    43
Dodge: Dodged            |    83 |    45 ||   128

Table legend: (Time is in decaauts)
 A = Elapsed time spent in this place.
 B = Non-inter-level travel time spent in this place.
 C = Inter-level travel time spent in this place.
 D = Time resting spent in this place.
 E = Time spent auto-exploring this place.
 F = Levels seen in this place.
 G = Mean time per level.
                   A        B        C        D        E       F      G
               +--------+--------+--------+--------+--------+-----+--------+
         Total |   3155 |   3067 |     88 |    664 |   1710 |   3 | 1051.7 |
       Dungeon |   3155 |   3067 |     88 |    664 |   1710 |   3 | 1051.7 |
               +--------+--------+--------+--------+--------+-----+--------+

Top non-repeatable levels by time:
     D:2: 1257 daAuts
     D:1: 1207 daAuts
     D:3: 690 daAuts
